 Dungeon Crawl Stone Soup version 0.23.2-33-g5129a83184 (webtiles) character file.

Game seed: 10896710031286269630

143 FishyPogo the Skirmisher (level 5, -4/46 HPs)
             Began as a Hill Orc Hunter on Aug 5, 2019.
             Was an Initiate of Makhleb.
             Killed from afar by an orc wizard (11 damage)
             ... with a magic dart
             ... on level 3 of the Dungeon.
             The game lasted 00:30:02 (4913 turns).

FishyPogo the Skirmisher (Hill Orc Hunter)          Turns: 4913, Time: 00:30:03

Health: -4/46      AC:  1    Str: 16    XL:     5   Next: 25%
Magic:  5/5        EV: 12    Int: 11    God:    Makhleb [......]
Gold:   140        SH:  0    Dex: 11    Spells: 4/4 levels left

rFire    . . .     SeeInvis .   s - -1 whip (curse)
rCold    . . .     Gourm    .   (no shield)
rNeg     . . .     Faith    .   j - -1 robe (curse)
rPois    .         Spirit   .   (helmet restricted)
rElec    .         Reflect  .   (no cloak)
rCorr    .         Harm     .   (no gloves)
MR       .....                  (no boots)
Stlth    +.........             r - amulet of regeneration
HPRegen  0.55/turn              (no ring)
MPRegen  0.09/turn              (no ring)

@: slowed, very slow
A: antennae 1, blink, sturdy frame 1
a: Blink, Renounce Religion


You were on level 3 of the Dungeon.
You worshipped Makhleb.
Makhleb was noncommittal.
You were very hungry.

You visited 2 branches of the dungeon, and saw 5 of its levels.

You collected 140 gold pieces.

Inventory:

Hand Weapons
 a - a +0 short sword
 g - a +1 whip
 k - a +0 war axe
 s - a cursed -1 whip (weapon)
 w - a +3 short sword of flaming
Missiles
 c - 5 javelins
 e - 100 stones (quivered)
 h - 15 poisoned needles
 l - 35 sling bullets
Armour
 b - a +0 leather armour
 j - a cursed -1 robe (worn)
 y - a +2 leather armour of fire resistance
Jewellery
 r - an amulet of regeneration (around neck)
Scrolls
 i - 2 scrolls of magic mapping
 n - a scroll of amnesia
 p - 3 scrolls of identify
 q - a scroll of fog
 u - a scroll of enchant weapon
 v - a scroll of fear
Potions
 m - a potion of magic
 o - a potion of mutation
 t - a potion of brilliance
Comestibles
 f - 7 rations


   Skills:
 + Level 4.3 Fighting
 * Level 2.4 Maces & Flails
 - Level 4.0 Throwing
 * Level 1.5 Armour
 - Level 2.0 Dodging
 - Level 0.7 Stealth
 + Level 0.1 Invocations


You had 4 spell levels left.
You didn't know any spells.
Your spell library was empty.

Dungeon Overview and Level Annotations

Branches:
Dungeon (4/15)             Temple (1/1) D:4

Altars:
Ashenzari
Cheibriados
Dithmenos
Elyvilon
Fedhas
Gozag
Hepliaklqana
Kikubaaqudgha
Makhleb
Nemelex Xobeh
Okawaru
Qazlal
Ru
Sif Muna
Trog
Uskayaw
Wu Jian
Xom
Yredelemnul
Zin
The Shining One

Annotations:
D:4 Menkaure


Innate Abilities, Weirdness & Mutations

You have a pair of small antennae on your head.
You can translocate small distances at will.
Your movements are slightly less encumbered by armour. (ER -2)


Message History

* * * LOW HITPOINT WARNING * * *
The orc wizard casts a spell at you. The magic dart hits you.
* * * LOW HITPOINT WARNING * * *
You blink.
You feel slightly more hungry.
The orc wizard casts a spell.
The orc wizard blinks!
You see here a +0 mace.
Things that are here:
a +0 falchion; a +0 leather armour The orc wizard gestures at you while chanting.
The magic dart hits you.
* * * LOW HITPOINT WARNING * * *
You blink.
You are feeling very hungry.
The orc wizard gestures at you while chanting.
You resist with some effort. The orc wizard casts a spell at you.
The magic dart hits you!
You die...

#.### #.# #.####
####.####
#.############....#
..§§....#
#............####.#
####.##.# #..#########.#
#.# .....##)#######..#
#.# #.#
#.###.#.)....o.o.# #.#
#^# ..# #.##########.#
#.# #.# #.###.# #.# #.#
#.# ##...## #@# #.# #.#
###.## #.# #.# #)# .##.#
#.#########.####.# .##.#
#.##.............# .##.#
#######.##.######.######
≈##.# #..........# #.# #
≈.#.# ##.#####.#### #.#
# ≈...#####...####.# #.#
# ≈##...........##.# #.#
#


You could see an orc wizard.

Vanquished Creatures
  4 adders (D:2)
  An ooze (D:2)
  2 dart slugs
  2 leopard geckos (D:3)
  17 orcs
  9 bats
  4 giant cockroaches
  5 goblins (D:2)
  9 hobgoblins
  10 kobolds
  2 quokkas
  3 ball pythons
  2 frilled lizards
  5 rats
75 creatures vanquished.

Notes
Turn   | Place    | Note
-------+----------+-------------------------------------------
     0 | D:1      | FishyPogo the Hill Orc Hunter began the quest for the Orb.
     0 | D:1      | Reached XP level 1. HP: 18/18 MP: 1/1
   204 | D:1      | Reached XP level 2. HP: 6/25 MP: 2/2
   909 | D:2      | Reached XP level 3. HP: 31/31 MP: 3/3
   935 | D:2      | Reached skill level 1 in Maces & Flails
  1211 | D:2      | Found a deep blue altar of Sif Muna.
  1486 | D:2      | Reached XP level 4. HP: 19/40 MP: 4/4
  2128 | D:2      | Gained mutation: Your movements are slightly less
                  | encumbered by armour. (ER -2) [potion of mutation]
  2128 | D:2      | Gained mutation: You can translocate small distances at
                  | will. [potion of mutation]
  2128 | D:2      | Gained mutation: You have a pair of small antennae on your
                  | head. [potion of mutation]
  2946 | D:3      | Reached skill level 1 in Armour
  3264 | D:2      | Reached XP level 5. HP: 23/46 MP: 5/5
  3640 | D:3      | Found a faded altar of an unknown god.
  4046 | D:4      | Noticed Menkaure
  4153 | D:4      | Found a staircase to the Ecumenical Temple.
  4162 | Temple   | Entered the Ecumenical Temple
  4221 | Temple   | Became a worshipper of Makhleb the Destroyer
  4913 | D:3      | Killed from afar by an orc wizard

Skill      XL: |  1  2  3  4 |
---------------+-------------+-----
Fighting       | 3 4 |  4.3
Dodging        | 2 |  2.0
Maces & Flails | 1 2 |  2.4
Throwing       | 4 |  4.0
Armour         | 1 |  1.5
Stealth        | |  0.7
Invocations    | |  0.1

Action                   |  1- 3 |  4- 6 || total
-------------------------+-------+-------++-------
Melee: Whip              |    95 |   237 ||   332
       Short sword       |     2 |       ||     2
Throw: Stone             |    67 |    63 ||   130
       Throwing net      |       |     2 ||     2
       Javelin           |       |     1 ||     1
 Abil: Blink             |       |     2 ||     2
  Use: Scroll            |     3 |     5 ||     8
       Potion            |       |     8 ||     8
  Eat: Chunk             |     2 |    10 ||    12
Armor: Leather armour    |    22 |    11 ||    33
       Robe              |       |     7 ||     7
Dodge: Dodged            |    56 |   142 ||   198
